 Dungeon Crawl Stone Soup version 0.30-a0-469-g84de5afbc5 (webtiles) character file.

Game seed: 3647381020350046328

14 ytrimaz the Magician (level 2, -2/21 HPs)
             Began as a Djinni Fire Elementalist on Dec 19, 2022.
             Slain by a gnoll
             ... wielding a +0 flail
              (10 damage)
             ... on level 1 of the Dungeon.
             The game lasted 00:00:30 (410 turns).

ytrimaz the Magician (Djinni Fire Elementalist)      Turns: 410, Time: 00:00:31

Health: -2/21      AC:  2    Str:  7    XL:     2   Next: 55%
Gold:   0          EV: 12    Int: 16    God:
                   SH:  0    Dex: 13

rFire   + + .      SeeInvis .    (no weapon)
rCold   x . .      Faith    .    (no shield)
rNeg    . . .      Spirit   .    a - +0 robe
rPois   ∞          Reflect  .    (no helmet)
rElec   .          Harm     .    (no cloak)
rCorr   .          Rampage  .    (no gloves)
Will    .....                    (boots unavailable)
Stlth   ++........               (no amulet)
HPRegen 0.23/turn                (no ring)
MPRegen 0.00/turn                (no ring)

@: flying
A: sickness immunity, fire resistance 2, cold vulnerability 1, float, innate
caster, HP casting, extra vitality 1
a: no special abilities


You were on level 1 of the Dungeon.
You visited 1 branch of the dungeon, and saw 1 of its levels.


Innate Abilities, Weirdness & Mutations

You are immune to sickness and miasma.
You are immune to poison.
Your flesh is very heat resistant. (rF++)
You are vulnerable to cold. (rC-)
You float through the air rather than walking.
You learn spells naturally, not from books.
Your magical power is your life essence.
You have superior vitality. (+4 MHP)


   Skills:
 - Level 2.1 Dodging
 - Level 1.5 Stealth
 + Level 3.0 Spellcasting


You couldn't memorise any spells.
You knew the following spells:

 Your Spells              Type           Power      Damage    Failure   Level
a - Foxfire               Conj/Fire      48%        2x1d6     5%          1
b - Scorch                Fire           24%        2d6       9%          2
c - Kindle Blastsparks    Fire/Tloc/Air  24%        2d12      16%         3
d - Inner Flame           Hex/Fire       12%        N/A       16%         3
e - Flame Wave            Conj/Fire      12%        2d6       47%         4
Your spell library was empty.

Inventory:

Armour
 a - a +0 robe (worn)
Scrolls
 b - a scroll of blinking {unknown}
 c - 2 scrolls of identify {unknown}
 e - a scroll of magic mapping {unknown}
Potions
 d - a potion of haste {unknown}

Dungeon Overview and Level Annotations

Branches:
Dungeon (1/15) Zot: 5589

Altars:

#)##.####### ###
#.##.# #.. ..##[# ##
.#.# ####.# .##
..#.# .....# ..# .#
#.# ...### #.# ).#
#.# ...# #.# .. #.#
...#
###########.##.#.#
### ...#
#.....@g.........#
.†.#
#.###########>$[....
...########.#
########
......)..[..#
#.....#
##########.##
#.###.# ####.#
####.# #.###
##....## ..#.###....
#..##..# #.#....†.##
#.####.####
##.####.....


You could see a gnoll (combustible).


Message History

😕 HP[-1]
You take 1 damage, and now have 20/21 hp.
You conjure some foxfire! 😕 HP[-1]
You take 1 damage, and now have 19/21 hp.
A kobold comes into view.
It is wielding a +0 short sword. 😎 HP[+2]
Your hp is fully restored (21).
A kobold is nearby!
Unknown command.
A kobold is nearby!
You conjure some foxfire! 😕 HP[-1]
You take 1 damage, and now have 20/21 hp.
You conjure some foxfire!
The foxfire hits the kobold but does no damage.
The kobold shouts!
The foxfire hits the kobold. 😕 HP[-1]
You take 1 damage, and now have 19/21 hp.
Unknown command.
A kobold is nearby!
A kobold is nearby!
Unknown command.
You conjure some foxfire!
Unknown command.
You conjure some foxfire!
The foxfire hits the kobold. x2
You kill the kobold! 😕 HP[-1]
You take 1 damage, and now have 18/21 hp.
There is an open door here.
Key pressed, stopping explore.
Unknown command. 😎 HP[+3]
Your hp is fully restored (21).
You see here a +0 club.
You see here a +0 chain mail.
Key pressed, stopping explore.
Found a stone staircase leading down.
A gnoll and a kobold come into view.
The gnoll shouts!
The kobold throws a stone.
The stone closely misses you.
There are monsters nearby!
There are monsters nearby!
There are monsters nearby!
You conjure some foxfire! 😕 HP[-1]
You take 1 damage, and now have 20/21 hp.
Unknown command.
You conjure some foxfire!
The foxfire hits the kobold. x2
You kill the kobold!
Your Spellcasting skill increases to level 3!
You conjure some foxfire! 😕 HP[-1]
You take 1 damage, and now have 19/21 hp.
Unknown command.
You conjure some foxfire!
The foxfire hits the gnoll.
The foxfire hits the gnoll but does no damage. 😕 HP[-1]
You take 1 damage, and now have 18/21 hp.
You conjure some foxfire!
A ball python comes into view. 😕 HP[-1]
You take 1 damage, and now have 17/21 hp.
Unknown command.
You conjure some foxfire!
The foxfire hits the ball python.
You kill the ball python!
You conjure some foxfire!
The foxfire hits the gnoll but does no damage. 😕 HP[-1]
You take 1 damage, and now have 16/21 hp.
Unknown command.
There is not enough space to conjure foxfire!
Unknown command.
The foxfire hits the gnoll. x2 😕 HP[+1]
You conjure some foxfire!
The gnoll closely misses you. 😕 HP[-1]
You take 1 damage, and now have 16/21 hp.
Unknown command.
You conjure some foxfire!
The gnoll misses you. 😮 HP[-1]
You take 1 damage, and now have 15/21 hp.
You are too injured to fight recklessly!
Unknown command.
The gnoll attacks as you move away! The gnoll hits you with a +0 flail.
* * * LOW HITPOINT WARNING * * *
😨 HP[-5]
You take 5 damage, and now have 10/21 hp.
MASSIVE DAMAGE!! (PAUSE) Unknown command.
Casting: Foxfire (safe; 5% risk of failure)
Confirm with . or Enter, or press ? or * to list all spells.
Okay, then.
Casting: Foxfire (safe; 5% risk of failure)
Confirm with . or Enter, or press ? or * to list all spells.
Flames lash the gnoll.
The gnoll's fire resistance burns away.
* * * LOW HITPOINT WARNING * * *
The gnoll hits you with a +0 flail!
You die...

Skill      XL: |  1  2 |
---------------+-------+-----
Spellcasting   | 3 |  3.0
Dodging        | |  2.1
Stealth        | |  1.5

Action                   || total
-------------------------++-------
 Cast: Foxfire           ||    35
       Scorch            ||     1
Dodge: Dodged            ||     4

Levels and vault maps discovered:
D:1:      ncdulo_lavacross, layout_basic, serial_forest,
          infiniplex_forest_corner_2, infiniplex_forest_end_2,
          infiniplex_forest_corner_2, infiniplex_forest_straight_3,
          infiniplex_forest_corner_2, infiniplex_forest_split,
          infiniplex_forest_straight_4

Notes
Turn   | Place    | Note
-------+----------+-------------------------------------------
     0 | D:1      | ytrimaz the Djinni Fire Elementalist began the quest for
                  | the Orb.
     0 | D:1      | ytrimaz set off with the following spells memorised:
                  | Foxfire, Scorch, Kindle Blastsparks, Inner Flame, Flame
                  | Wave.
     0 | D:1      | Reached XP level 1. HP: 15/15 MP: 0/0
     0 | D:1      | magus.rc [v1.9.6]
   188 | D:1      | Reached XP level 2. HP: 20/21 MP: 0/0
   397 | D:1      | Reached skill level 3 in Spellcasting
   410 | D:1      | Slain by a gnoll

Vanquished Creatures
  A dart slug (D:1)
  2 ball pythons (D:1)
  A giant cockroach (D:1)
  2 goblins (D:1)
  2 kobolds (D:1)
  A bat (D:1)
  A frilled lizard (D:1)
  2 rats (D:1)
12 creatures vanquished.

Vanquished Creatures (collateral kills)
  A foxfire (D:1)
1 creature vanquished.

Vanquished Creatures (others)
  44 foxfires (D:1)
44 creatures vanquished.

Grand Total: 57 creatures vanquished

Table legend:
 A = Non-vault XP
 B = Vault XP
 C = Vault XP percentage of total XP
 D = Non-vault monster count
 E = Vault monster count
 F = Vault count percentage of total count
                 A         B        C        D         E       F
            +---------+---------+-------+---------+---------+-------
      Total |      20 |       0 |   0.0 |      12 |       0 |   0.0
            +---------+---------+-------+---------+---------+-------
        D:1 |      20 |       0 |   0.0 |      12 |       0 |   0.0
            +---------+---------+-------+---------+---------+-------

Illustrated notes

Table legend:
 A = Kills in this place as a percentage of kills in entire the game.
 B = Kills by you in this place as a percentage of kills by you in the entire game.
 C = Kills by friends in this place as a percentage of kills by friends in the entire game.
 D = Other kills in this place as a percentage of other kills in the entire game.
 E = Experience gained in this place as a percentage of experience gained in the entire game.
 F = Experience gained in this place divided by the number of levels of this place that you have seen.
                   A       B       C       D       E      F
               +-------+-------+-------+-------+-------+----------------------
         Total | 100.0 | 100.0 |   N/A |   N/A | 100.0 |  20.0
       Dungeon | 100.0 | 100.0 |   N/A |   N/A | 100.0 |  20.0
               +-------+-------+-------+-------+-------+----------------------

Table legend: (Time is in decaauts)
 A = Elapsed time spent in this place.
 B = Non-inter-level travel time spent in this place.
 C = Inter-level travel time spent in this place.
 D = Time resting spent in this place.
 E = Time spent auto-exploring this place.
 F = Levels seen in this place.
 G = Mean time per level.
                   A        B        C        D        E       F      G
               +--------+--------+--------+--------+--------+-----+--------+
         Total |    410 |    410 |      0 |      0 |    350 |   1 |  410.0 |
       Dungeon |    410 |    410 |      0 |      0 |    350 |   1 |  410.0 |
               +--------+--------+--------+--------+--------+-----+--------+

Top non-repeatable levels by time:
     D:1: 410 daAuts
